 Dungeon Sprint DCSS version 0.20.1-1-g8b1a95d (webtiles) character file.

2544 potatolord6000 the Protected (level 9, -5/81 HPs)
             Began as a Human Fighter on Sept 11, 2017.
             Was an Initiate of Gozag.
             Slain by a komodo dragon (19 damage)
             ... in the Dungeon (Sprint IX: "|||||||||||||||||||||||||||||").
             The game lasted 00:02:19 (822 turns).

potatolord6000 the Protected (Human Fighter)         Turns: 822, Time: 00:02:20

Health: -5/81      AC: 20    Str: 22    XL:     9   Next: 85%
Magic:  9/9        EV: 13    Int:  5    God:    Gozag
Gold:   170        SH:  0    Dex: 13    Spells: 8/8 levels left

rFire    . . .     SeeInvis .   a - +0 long sword
rCold    . . .     Gourm    .   (no shield)
rNeg     . . .     Faith    .   o - +1 chain mail
rPois    .         Spirit   .   m - +0 helmet
rElec    .         Reflect  .   n - +0 cloak
rCorr    .         Harm     .   (no gloves)
MR       .....     NoTele   +   (no boots)
Stlth    ..........             (no amulet)
Regen    0.3/turn               b - +2 ring of protection
MPRegen  0.2/turn               c - ring "Piytyguff" {+Blink AC+2 Str+3 Int-4}

@: lethally poisoned (-5 -> -11), gold aura
A: no striking features
a: Potion Petition, Call Merchant, Bribe Branch, Renounce Religion, Evoke Blink


You were in the Dungeon.
You worshipped Gozag.
Gozag was aware of your devotion.
You were not hungry.

You visited 1 branch You collected 1058 gold pieces.
You spent 262 gold pieces at shops.
You paid 626 gold pieces to Gozag.

Inventory:

Hand Weapons
 a - a +0 long sword (weapon)
Armour
 m - a +0 helmet (worn)
 n - a +0 cloak (worn)
 o - a +1 chain mail (worn)
Jewellery
 b - a +2 ring of protection (left hand)
 c - the ring "Piytyguff" (right hand) {+Blink AC+2 Str+3 Int-4}
   (You bought it in a shop in the Dungeon)

   [ring of protection]

   It affects your AC (+2).
   It affects your strength (+3).
   It affects your intelligence (-4).
   It lets you blink.
 p - a +3 ring of intelligence
Wands
 l - a wand of lightning (7/15)
Scrolls
 e - 5 scrolls of remove curse
 h - 2 scrolls of amnesia
 k - 3 scrolls of blinking
 r - a scroll of identify
 s - a scroll of fog
Potions
 d - 3 potions of curing
 g - 7 potions of heal wounds
 i - 4 potions of magic
 j - a potion of berserk rage
 q - a potion of might
Comestibles
 f - a bread ration


   Skills:
 + Level 11.4 Fighting
 + Level 11.2 Long Blades
 + Level 11.4 Armour
 + Level 9.9 Dodging
   Level 3.0 Shields


You had 8 spell levels left.
You didn't know any spells.

Dungeon Overview and Level Annotations

Branches:
Dungeon (1/1)

Altars:
Cheibriados
Dithmenos
Elyvilon
Fedhas
Gozag
Hepliaklqana
Kikubaaqudgha
Makhleb
Nemelex Xobeh
Okawaru
Qazlal
Ru
Sif Muna
Trog
Uskayaw
Vehumet
Xom
Yredelemnul
Zin
The Shining One
Beogh
Jiyva
Lugonu

Shops:
D =


Message History

* * * LOW HITPOINT WARNING * * *
You are poisoned.
The spiny frog poisons you!
Unknown command.
You slash the spiny frog!
You kill the spiny frog!
You feel sick.
Unknown command.
You hit the komodo dragon but do no damage.
The komodo dragon bites you but does no damage.
Unknown command.
You closely miss the komodo dragon.
You feel sick. The komodo dragon misses you.
You riposte.
You hit the komodo dragon but do no damage.
Unknown command.
You slash the komodo dragon!
The komodo dragon is moderately wounded.
You feel sick. The komodo dragon bites you!!
You die...
Your body crumbles into a pile of gold. $$$$$$$$$$ $$$$$$$$$$$$$

▓▓▓▓▓▓▓▓▓▓▓▓▓▓▓▓▓▓▓▓▓▓▓▓
...krtl@.....)|....!.'..
▓▓▓▓▓▓▓▓▓▓▓▓▓▓▓▓▓▓▓▓▓▓▓▓▓▓▓▓▓▓▓▓▓
.................................
▓▓▓▓▓▓▓▓▓▓▓▓▓▓▓▓▓▓▓▓▓▓▓▓▓▓▓▓▓▓▓▓▓
_.___________________'....)†.....
▓▓▓▓▓▓▓▓▓▓▓▓▓▓▓▓▓▓▓▓▓▓▓▓▓▓▓▓▓▓▓▓▓


You could see a komodo dragon, a rime drake, a crocodile and a porcupine.

Vanquished Creatures
  A guardian serpent (shapeshifter) (D)
  2 spiny frogs (D)
  A komodo dragon (D)
  A rime drake (D)
  A tengu conjurer (D)
  A hornet (D)
  A hippogriff (D)
  A porcupine (D)
  An ogre (D)
  A centaur (D)
  A crocodile (D)
  A wight (D)
  A quasit (D)
  2 hounds (D)
  A jelly (D)
  An iguana (D)
  A worker ant (D)
  A leopard gecko (D)
  An orc (D)
  A goblin (D)
  A bat (D)
  3 frilled lizards (D)
26 creatures vanquished.

Vanquished Creatures (others)
  A jackal zombie (D)
1 creature vanquished.

Grand Total: 27 creatures vanquished

Notes
Turn   | Place    | Note
-------+----------+-------------------------------------------
     0 | D        | potatolord6000 the Human Fighter began the quest for the Orb.
     0 | D        | Reached XP level 1. HP: 18/18 MP: 1/1
    67 | D        | Noticed a worker ant
    67 | D        | Noticed a hound
    67 | D        | Noticed a hound
    73 | D        | Killed a hound
    73 | D        | Reached XP level 2. HP: 19/26 MP: 2/2
    73 | D        | Reached XP level 3. HP: 23/31 MP: 3/3
    82 | D        | Reached skill level 5 in Fighting
    82 | D        | Reached skill level 5 in Armour
    82 | D        | Reached XP level 4. HP: 30/39 MP: 4/4
    86 | D        | Reached skill level 5 in Long Blades
    92 | D        | Found a roughly hewn altar of Beogh.
    92 | D        | Found a snail-covered altar of Cheibriados.
    92 | D        | Found a shadowy altar of Dithmenos.
    92 | D        | Found a white marble altar of Elyvilon.
    92 | D        | Found a blossoming altar of Fedhas.
    92 | D        | Found an opulent altar of Gozag.
    93 | D        | Found a hazy altar of Hepliaklqana.
    94 | D        | Found a viscous altar of Jiyva.
    95 | D        | Found an ancient bone altar of Kikubaaqudgha.
    96 | D        | Found a corrupted altar of Lugonu.
    97 | D        | Found a burning altar of Makhleb.
    98 | D        | Found a sparkling altar of Nemelex Xobeh.
    99 | D        | Found an iron altar of Okawaru.
   100 | D        | Became a worshipper of Gozag Ym Sagoz the Greedy
   101 | D        | Found a stormy altar of Qazlal.
   102 | D        | Found a sacrificial altar of Ru.
   103 | D        | Found a deep blue altar of Sif Muna.
   104 | D        | Found a bloodstained altar of Trog.
   105 | D        | Found a hide-covered altar of Uskayaw.
   106 | D        | Found a radiant altar of Vehumet.
   108 | D        | Found a shimmering altar of Xom.
   109 | D        | Found a basalt altar of Yredelemnul.
   110 | D        | Found a glowing silver altar of Zin.
   111 | D        | Found a glowing golden altar of the Shining One.
   199 | D        | Noticed a hippogriff
   199 | D        | Noticed a centaur
   202 | D        | Reached skill level 1 in Dodging
   202 | D        | Reached XP level 5. HP: 46/46 MP: 5/5
   225 | D        | Killed a centaur
   225 | D        | Reached XP level 6. HP: 34/55 MP: 6/6
   234 | D        | Killed a hippogriff
   234 | D        | Reached skill level 5 in Dodging
   234 | D        | Reached XP level 7. HP: 26/62 MP: 7/7
   419 | D        | Noticed a salamander
   419 | D        | Noticed a komodo dragon
   419 | D        | Noticed a hornet
   419 | D        | Noticed a tengu conjurer
   421 | D        | Noticed a guardian serpent
   421 | D        | a salamander changed into a guardian serpent
   423 | D        | Killed a tengu conjurer
   424 | D        | Reached XP level 8. HP: 68/71 MP: 8/8
   428 | D        | Killed a hornet
   439 | D        | Killed a komodo dragon
   449 | D        | Killed a guardian serpent
   449 | D        | Reached skill level 10 in Fighting
   449 | D        | Reached skill level 10 in Long Blades
   449 | D        | Reached skill level 10 in Armour
   449 | D        | Reached XP level 9. HP: 27/79 MP: 9/9
   466 | D        | Bought the ring "Piytyguff" {+Blink AC+2 Str+3 Int-4} for 262 gold pieces
   782 | D        | Noticed a komodo dragon
   782 | D        | Noticed a spiny frog
   782 | D        | Noticed a spiny frog
   782 | D        | Noticed a rime drake
   795 | D        | Killed a rime drake
   800 | D        | Noticed a rime drake
   814 | D        | Killed a spiny frog
   819 | D        | Killed a spiny frog
   822 | D        | Slain by a komodo dragon

Skill      XL: |  1  2  3  4  5  6  7  8  9 |
---------------+----------------------------+-----
Fighting       | 4 5 6 7 8 9 10 11 | 11.4
Long Blades    | 4 5 6 7 8 10 11 | 11.2
Armour         | 4 5 6 7 8 9 10 11 | 11.4
Dodging        | 1 3 5 6 8 9 |  9.9
Shields        | |  3.0

Action                   |  1- 3 |  4- 6 |  7- 9 || total
-------------------------+-------+-------+-------++-------
Melee: Long sword        |    23 |    38 |    71 ||   132
Invok: Potion Petition   |       |       |     1 ||     1
       Call Merchant     |       |       |     1 ||     1
  Use: Potion            |     3 |     1 |     2 ||     6
 Stab: Invisible         |       |     4 |       ||     4
Armor: Scale mail        |    10 |     1 |       ||    11
       Chain mail        |       |    39 |    22 ||    61
Dodge: Dodged            |    11 |    25 |    33 ||    69
       Rpst.: Long sword |     2 |     7 |    12 ||    21
